AoeStats
← Metal

Arabia

508785498Analyzed
1v1 RM · 7d ago on Sep 24, 2026· 41m 29s· 2 players
Game mode
Random Map
Map size
Tiny (2 player)
Population
200
Speed
Normal
Resources
Standard
Victory
Conquest
Starting age
Dark Age
Ending age
Imperial Age
RankedLock teamsTeams togetherTeam positionsShared explorationLock speedFull tech treeHidden civsTurbo modeCheats
Victory
Defeat
🇦🇷 Vietnamese · Argentina
930
+17
🇨🇦 Malay · Canada
953
-17
Metal
2:40 Loom
10:58 Feudal Age
14:08 Fletching
15:07 Padded Archer Armor
23:21 Castle Age
24:08 Town Watch
24:21 Bodkin Arrow
27:45 Double-Bit Axe
27:54 Gold Mining
31:31 Murder Holes
35:20 Wheelbarrow
37:43 Town Patrol
38:05 Leather Archer Armor
bar2nice
8:54 Loom
11:11 Feudal Age
12:28 Man-at-Arms
13:08 Horse Collar
26:52 Fletching
30:32 Wheelbarrow
33:05 Castle Age
33:10 Elite Skirmisher
34:07 Husbandry
36:10 Double-Bit Axe
40:29 Bodkin Arrow
Connection lost

Rejoining the realm…

Still unreachable

The connection could not be restored.

Session expired

The server has moved on; the page needs a fresh start.